 Dungeon Crawl Stone Soup version 0.30-a0-743-gbfdf073431 (webtiles) character file.

Game seed: 16589190370296406413

57 Conn the Firebug (level 3, -12/19 HPs)
             Began as a Deep Elf Fire Elementalist on Feb 8, 2023.
             Mangled by a mummy (18 damage)
             ... in an ossuary.
             The game lasted 00:03:57 (1723 turns).

Conn the Firebug (Deep Elf Fire Elementalist)       Turns: 1723, Time: 00:03:58

Health: -12/19     AC:  2    Str:  5    XL:     3   Next: 73%
Magic:  1/10       EV: 13    Int: 21    God:
Gold:   33         SH:  0    Dex: 15    Spells: 3/9 levels left

rFire   . . .      SeeInvis .    e - +1 dagger (vamp)
rCold   . . .      Faith    .    (no shield)
rNeg    . . .      Spirit   .    a - +0 robe
rPois   .          Reflect  .    (no helmet)
rElec   .          Harm     .    (no cloak)
rCorr   .          Rampage  .    (no gloves)
Will    .....                    (no boots)
Stlth   ++                       (no amulet)
HPRegen 0.23/turn                (no ring)
MPRegen 0.12/turn                (no ring)

@: mighty, brilliant, marked
A: no striking features
a: no special abilities


You were in an ossuary.
You visited 1 branch of the dungeon, and saw 3 of its levels.
You also visited: Ossuary.

You collected 33 gold pieces.

Inventory:

Hand Weapons
 e - a +1 vampiric dagger (weapon)
Armour
 a - a +0 robe (worn)
Scrolls
 f - a scroll of identify {unknown}
 g - a scroll of magic mapping {unknown}
 h - a scroll of noise {unknown}
 j - a scroll of enchant weapon {unknown}
Potions
 b - a potion of magic
 d - a potion of brilliance


   Skills:
 + Level 0.1 Short Blades
 + Level 3.0 Dodging
 + Level 2.7 Stealth
 + Level 3.7 Spellcasting
 + Level 1.6 Conjurations
 + Level 4.1 Fire Magic


You had 3 spell levels left.
You knew the following spells:

 Your Spells              Type           Power      Damage    Failure   Level
a - Foxfire               Conj/Fire      96%        2x1d8     3%          1
b - Inner Flame           Hex/Fire       18%        N/A       16%         3
e - Scorch                Fire           64%        2d8       3%          2

Your spell library contained the following spells:

 Spells                   Type           Power      Damage    Failure   Level
 Kindle Blastsparks       Fire/Tloc/Air  28%        2d12      22%         3
 Hailstorm                Conj/Ice       11%        3d5       26%         3
 Flame Wave               Conj/Fire      24%        2d8       36%         4
 Ice Form                 Ice/Tmut       5%         N/A       77%         4
 Simulacrum               Ice/Necr       2%         N/A       100%        6


Dungeon Overview and Level Annotations

Branches:
Dungeon (4/15)            Ossuary (1/1)
 Temple: D:4-7

Altars:


Message History

The mummy is heavily damaged.
The foxfire hits the mummy!
The mummy is burned terribly!
The mummy is severely damaged.
The mummy hits you but does no damage.
Unknown command.
Casting: Foxfire (safe; 4% risk of failure)
Confirm with . or Enter, or press ? or * to list all spells.
You conjure some foxfire!
The foxfire hits the mummy.
The mummy is burned terribly!
You destroy the mummy!
The foxfire hits the mummy.
The mummy is burned terribly!
The mummy is lightly damaged.
Unknown command.
You hit the mummy but do no damage.
The mummy is lightly damaged.
The foxfire hits the centaur zombie.
The centaur zombie is lightly damaged.
The foxfire hits the centaur zombie.
The centaur zombie is lightly damaged.
A centaur zombie comes into view.
The mummy misses you.
Unknown command.
As you read the scroll labelled KEEGEH RATAITI, it crumbles to dust.
The scroll dissolves into smoke.
It was a scroll of fog.
The centaur zombie hits you. The centaur zombie kicks you.
The centaur zombie hits you but does no damage.
The centaur zombie kicks you. The mummy completely misses you.
Okay, then.
It was a potion of brilliance.
You feel clever all of a sudden. The centaur zombie hits you.
The centaur zombie barely misses you.
The centaur zombie hits you but does no damage.
The centaur zombie kicks you.
It was a potion of might.
You feel very mighty all of a sudden.
The centaur zombie closely misses you. x2
The centaur zombie barely misses you. The centaur zombie closely misses you.
The mummy hits you!!
Ouch! That really hurt!
You die...

#.^.^^§.
##.....##
#.......#
#..^Z^#
#.....#
#.....#
#§§§§.#
#§ZZ§.#
#§@§§.#
#§MM§.#
#§§§§.#
#.....#
#.....#
##...##
#####


You could see 2 mummies and 2 centaur zombies.

Vanquished Creatures
  A mummy (Ossuary)
  A dart slug (D:1)
  2 endoplasms (D:1)
  A giant cockroach (D:2)
  7 goblins (D:1)
  4 hobgoblins
  3 jackals (D:1)
  3 quokkas
  4 ball pythons
  7 bats
  3 hobgoblin zombies (Ossuary)
  A kobold (D:1)
  2 rats
39 creatures vanquished.

Vanquished Creatures (others)
  92 foxfires
92 creatures vanquished.

Grand Total: 131 creatures vanquished

Notes
Turn   | Place    | Note
-------+----------+-------------------------------------------
     0 | D:1      | Conn the Deep Elf Fire Elementalist began the quest for the
                  | Orb.
     0 | D:1      | Reached XP level 1. HP: 10/10 MP: 6/6
   215 | D:1      | Reached XP level 2. HP: 15/15 MP: 5/8
   953 | D:1      | Reached skill level 4 in Fire Magic
   953 | D:1      | Reached XP level 3. HP: 19/19 MP: 6/9
  1074 | D:1      | Learned a level 2 spell: Scorch
  1078 | D:1      | Learned a level 3 spell: Inner Flame
  1640 | D:2      | You fall into a shaft and drop 2 floors!
  1698 | D:4      | Found a sand-covered staircase.
  1706 | Ossuary  | Entered an ossuary
  1723 | Ossuary  | Mangled by a mummy

Illustrated notes

Levels and vault maps discovered:
D:1:      co_arrival_square_in_a_square_in_a_square, layout_basic,
          grunt_decor_arrowhead
D:2:      layout_loops_cross
D:4:      layout_basic, grunt_temple_overflow_gold_and_silver,
          mainiacjoe_overflow_24_doors, temple_doors_e,
          nicolae_ossuary_entry_plus, grunt_decor_cap, minmay_tree_intersection,
          uniq_eustachio
Ossuary:  ossuary_the_hunt_dpeg

Skill      XL: |  1  2  3 |
---------------+----------+-----
Fire Magic     | 4 |  4.1
Dodging        | 3 |  3.0
Short Blades   | |  0.1
Stealth        | |  2.7
Spellcasting   | |  3.7
Conjurations   | |  1.6

Action                     || total
---------------------------++-------
  Melee: Dagger            ||    41
   Cast: Foxfire           ||    53
         Scorch            ||     3
    Use: Potion            ||     2
         Scroll            ||     1
   Stab: Sleeping          ||     2
 Armour: Robe              ||     9
  Dodge: Dodged            ||    52

Table legend: (Time is in decaauts)
 A = Elapsed time spent in this place.
 B = Non-inter-level travel time spent in this place.
 C = Inter-level travel time spent in this place.
 D = Time resting spent in this place.
 E = Time spent auto-exploring this place.
 F = Levels seen in this place.
 G = Mean time per level.
                   A        B        C        D        E       F      G
               +--------+--------+--------+--------+--------+-----+--------+
         Total |   1721 |   1680 |     41 |     27 |   1287 |   4 |  430.2 |
       Dungeon |   1705 |   1664 |     41 |     27 |   1287 |   3 |  568.3 |
       Ossuary |     16 |     16 |      0 |      0 |      0 |   1 |   16.0 |
               +--------+--------+--------+--------+--------+-----+--------+

Top non-repeatable levels by time:
     D:1: 1293 daAuts
     D:2: 345 daAuts
     D:4: 65 daAuts
 Ossuary: 16 daAuts
